 Dungeon Crawl Stone Soup version 0.31.0-11-ge490571c62 (webtiles) character file.

Game seed: 3187188028452534597

68429 ImmortalVenerable the Bludgeoner (level 14, -13/149 (157) HPs)
             Began as an Oni Hedge Wizard on Jan 28, 2024.
             Was the Champion of Jiyva.
             Mangled by a ghost crab (14 damage)
             ... while paralysed by a fenstrider witch
             ... on level 2 of the Swamp.
             The game lasted 01:16:37 (10961 turns).

ImmortalVenerable the Bludgeoner (OnHW)            Turns: 10961, Time: 01:16:38

HP:   -13/149 (157) AC: 14    Str: 18 (20) XL:     14   Next: 33%
MP:   24/24         EV:  1    Int: 24 (27) God:    Jiyva [******]
Gold: 624           SH:  0    Dex:  5 (6)  Spells: 18/26 levels left

rFire   + + .        F - +4 giant club (spect)
rCold   . . .        (shield currently unavailable)
rNeg    + . .        z - +1 acid dragon scales
rPois   +            c - +0 hat
rElec   +            (no cloak)
rCorr   +            (gloves unavailable)
SInv    +            (boots unavailable)
Will    +....        O - amulet "Ipticzad" {RegenMP rF+ rCorr}
Stlth   ++           k - ring of positive energy
HPRegen 2.04/turn    P - ring of Kyomilanu {rElec rPois rCorr Int+5 Slay-6}
MPRegen 1.39/turn

%: no passive effects
@: paralysed, lethally poisoned (-13 -> -14), drained
A: large, unfitting armour, horns 1, tough skin 1, double potion healing,
drunken brawling, fangs 1, talons 2, iridescent scales 2, clever 1, fire
resistance 1, strong 1, eyeballs 3, gelatinous body 1, translucent skin 1
}: 1/15 runes: slimy
a: Renounce Religion, Oozemancy, Slimify


You were on level 2 of the Swamp.
You worshipped Jiyva.
Jiyva was exalted by your worship.
You visited 4 branches of the dungeon, and saw 23 of its levels.
You also visited: Sewer and Bailey.

You collected 624 gold pieces.

Inventory:

Hand Weapons
 a - a +0 dagger
 h - a +1 mace of protection
 i - a +3 flail of freezing
 m - a +1 flail of freezing
 y - a +1 flail of holy wrath
 F - a +4 spectral giant club (weapon)
 I - the +3 greatsling "Punk" {acid, rCorr}
   (You found it on level 5 of the Pits of Slime)

   rCorr:     It protects you from acid and corrosion.
 M - the +8 long sword of Intimidation {vamp, rPois rN+ Int+2 Dex-3}
   (You found it on level 5 of the Pits of Slime)

   Int+2:     It affects your intelligence (+2).
   Dex-3:     It affects your dexterity (-3).
   rPois:     It protects you from poison rN+: It protects you from negative
   energy.
 N - the +8 sling of the Traitor {speed, ^Fragile Dex+2 Stlth+}
   (You found it on level 5 of the Pits of Slime)

   Dex+2:     It affects your dexterity (+2).
   ^Fragile:  It will be destroyed if unequipped.
   Stlth+:    It makes you more stealthy.
 Q - the +2 dire flail of Ziwnysi {freeze, rC+ Int+2}
   (You found it on level 5 of the Pits of Slime)

   Int+2:     It affects your intelligence (+2).
   rC+:       It protects you from cold.
Missiles
 f - 83 stones
 g - 31 poisoned darts (quivered)
 s - a throwing net
 D - 3 large rocks
Armour
 b - a +0 robe
 c - a +0 hat (worn)
 l - +0 steam dragon scales
 n - an orb of wrath
 p - a +0 troll leather armour
 r - +0 swamp dragon scales
 z - +1 acid dragon scales (worn)
Magical Staves
 G - the staff "Vummoaf" {rF+ Int+3 Tloc Fire}
   (You found it on level 1 of the Swamp)

   [staff of fire]

   Base accuracy: +5 Base damage: 5 Base attack delay: 1.2 This weapon's minimum
   attack delay (0.6) is reached at skill level 12.
   Int+3:     It affects your intelligence (+3).
   rF+:       It protects you from fire.
   Tloc:      It increases the power of your Translocations spells.
   Fire:      It increases the power of your Fire spells.
   It falls into the 'Staves' category.
   It is a one-handed weapon.
 K - the staff of Disembowelment {rC+ rN+ Dex+2 SInv Necro}
   (You found it on level 5 of the Pits of Slime)

   [staff of death]

   Base accuracy: +5 Base damage: 5 Base attack delay: 1.2 This weapon's minimum
   attack delay (0.6) is reached at skill level 12.
   Dex+2:     It affects your dexterity (+2).
   rC+:       It protects you from cold.
   rN+:       It protects you from negative energy.
   SInv:      It lets you see invisible.
   Necro:     It increases the power of your Necromancy spells.
   It falls into the 'Staves' category.
   It is a one-handed weapon.
Jewellery
 j - an amulet of guardian spirit
 k - a ring of positive energy (left hand)
 w - an amulet of magic regeneration
 J - a ring of see invisible
 L - the ring of Koemivuq {Fire rPois Int+3}
   (You found it on level 5 of the Pits of Slime)

   [ring of fire]

   Fire:      It enhances your fire magic.
   Int+3:     It affects your intelligence (+3).
   rF+:       It protects you from fire.
   rC-:       It makes you vulnerable to cold.
   rPois:     It protects you from poison
 O - the amulet "Ipticzad" (around neck) {RegenMP rF+ rCorr}
   (You found it on level 5 of the Pits of Slime)

   [amulet of magic regeneration]

   RegenMP:   It increases your rate of magic regeneration.
   rF+:       It protects you from fire.
   rCorr:     It protects you from acid and corrosion.
 P - the ring of Kyomilanu (right hand) {rElec rPois rCorr Int+5 Slay-6}
   (You found it on level 5 of the Pits of Slime)

   [ring of resist corrosion]

   Int+5:     It affects your intelligence (+5).
   Slay-6:    It affects your accuracy & damage with ranged weapons and melee
   (-6).
   rElec:     It insulates you from electricity.
   rPois:     It protects you from poison rCorr: It protects you from acid and
   corrosion.
Talismans
 x - a serpent talisman
Wands
 R - a wand of flame (7)
Scrolls
 e - 3 scrolls of fog
 q - 2 scrolls of revelation
 u - 2 scrolls of fear
 A - a scroll of brand weapon
Potions
 d - 2 potions of magic
 o - 2 potions of cancellation
 t - 2 potions of mutation
 v - a potion of lignification {unknown}
 B - a potion of brilliance
 C - a potion of enlightenment


   Skills:
 - Level 14.6 Fighting
 * Level 17.3 Maces & Flails
 - Level 6.7 Armour
 - Level 4.5 Dodging
 - Level 1.4 Stealth
 - Level 6.8 Spellcasting
 - Level 0.8 Conjurations
 - Level 5.0 Summonings
 - Level 2.5 Translocations
 - Level 5.0 Ice Magic


You had 18 spell levels left.
You knew the following spells:

 Your Spells              Type           Power      Damage    Failure   Level
a - Magic Dart            Conj           48%        1d5       7%          1
b - Call Imp              Summ           64%        N/A       1%          2
c - Blink                 Tloc           40%        N/A       4%          2
d - Summon Ice Beast      Ice/Summ       32%        N/A       3%          3

Your spell library contained the following spells:

 Spells                   Type           Power      Damage    Failure   Level
 Call Canine Familiar     Summ           32%        N/A       3%          3
 Hailstorm                Conj/Ice       22%        3d7       9%          3
 Slow                     Hex            32%        N/A       10%         1
 Cigotuvi's Dreadful Rot  Necr/Alch/Air  16%        N/A       14%         2
 Stone Arrow              Conj/Erth      20%        3d8       24%         3
 Mephitic Cloud           Conj/Alch/Air  9%         N/A       26%         3
 Confusing Touch          Hex            8%         N/A       28%         3
 Sigil of Binding         Hex            8%         N/A       28%         3
 Vampiric Draining        Necr           8%         2d6       28%         3
 Animate Armour           Summ/Erth      40%        N/A       32%         4
 Martyr's Knell           Necr/Summ      20%        N/A       32%         4
 Dispel Undead            Necr           8%         3d8       67%         4
 Sculpt Simulacrum        Ice/Alch       10%        N/A       99%         6
 Death Channel            Necr           4%         N/A       100%        6
 Borgnjor's Revivificati  Necr           4%         N/A       100%        8
 Infestation              Necr           4%         N/A       100%        8
 Lehudib's Crystal Spear  Conj/Erth      5%         10d3      100%        8


Dungeon Overview and Level Annotations

Branches:
Dungeon (11/15)            Temple (0/1) D:7            Lair (4/5) D:11
  Swamp (3/4) Lair:3        Snake (0/4) Lair:2        Slime (5/5) Lair:4
    Orc (0/2) D:9           Sewer (visited)          Bailey (visited)

Altars:
Dithmenos
Fedhas
Gozag
Hepliaklqana
Kikubaaqudgha
Makhleb
Okawaru
Sif Muna
Uskayaw
Vehumet
Yredelemnul
Jiyva

Shops:
D:8 =

Annotations:
D:3 2 runed translucent doors, dialectric's ghost, amateur GrFi
D:7 exclusion: downstairs
D:11 Fannar
Lair:2 exclusion: hydra
Lair:3 Nergalle
Slime:5 Royal Jelly


Innate Abilities, Weirdness & Mutations

You are too large for most types of armour.
You have a pair of small horns on your head.
You have tough skin. (AC +1)
You gain doubled healing and magic from potions.
Whenever you drink a healing potion, you attack all around you.
You have very sharp teeth.
You have razor-sharp toenails.
You are mostly covered in iridescent scales. (AC +4)
Your mind is acute. (Int +4, Str/Dex -1)
Your flesh is heat resistant. (rF+)
Your muscles are strong. (Str +4, Int/Dex -1)
Your body is covered in eyes which may confuse attackers. (Acc +7, SInv)
Your rubbery body absorbs attacks. (AC +1, EV +1)
Your translucent skin slightly reduces your foes' accuracy. (Stealth+)


Message History

The fenstrider witch is heavily wounded.
Your +4 spectral giant club misses the fenstrider witch.
You fester in the toxic bog.
You partially resist.
You are more poisoned.
* * * LOW HITPOINT WARNING * * *
You feel very sick.
The spectral death drake barely misses you.
The fenstrider witch points at you and mumbles some strange words.
Your body is wracked with pain!
* * * LOW HITPOINT WARNING * * *
You bludgeon the fenstrider witch!!
The fenstrider witch is almost dead.
Your +4 spectral giant club misses the fenstrider witch.
You fester in the toxic bog.
You partially resist.
You are more poisoned.
* * * LOW HITPOINT WARNING * * *
You feel very sick.
The spectral spriggan air mage fades away!
You hit the fenstrider witch but do no damage.
Your kick misses the fenstrider witch. Your bite misses the fenstrider witch.
The fenstrider witch is almost dead.
Your +4 spectral giant club closely misses the fenstrider witch.
You feel very sick.
The fenstrider witch casts a spell at you.
Your body is wracked with pain!
* * * LOW HITPOINT WARNING * * *
You hit the fenstrider witch but do no damage.
Your headbutt misses the fenstrider witch.
The fenstrider witch is almost dead.
Your +4 spectral giant club closely misses the fenstrider witch.
You feel sick.
The fenstrider witch casts a spell at you.
You suddenly lose the ability to move!
Your +4 spectral giant club disappears.
You feel very sick.
The fenstrider witch hits you but does no damage.
The fenstrider witch kicks you!
* * * LOW HITPOINT WARNING * * *
The ghost crab bites you!
You die...

♣♣~.......~~~~~..♣#
♣.......~♣♣♣.~~.♣♣
♣.~~...~♣♣♣♣~...≈#
♣.~~~.♣♣♣..♣~~♣♣≈#
♣♣♣~~§....~.~..>..♣# ~.
...~~~~~..~~~~..~♣♣ .#
§..~~~~~.§~§~~.♣♣♣ ..
~~~~~~...♣~.....♣♣ ♣## .# .
♣.~§~..~♣♣♣♣♣♣.H@♣♣♣≈♣####.# ~.~
♣♣~~~...♣♣♣♣♣♣..Zt...≈♣≈≈≈##≈~~~
~♣~~~~.♣♣♣≈♣..~~~~~~~.°♣☼○≈≈.~.~
♣♣.~~..~♣≈≈≈♣~~.~~~~Z.~§○Z....~~
♣.~~~~~♣≈≈≈≈≈♣.~~~~~§°.♣~°~...~.
.~~~.~~≈≈≈≈≈≈♣.~~~~~~.♣♣♣~.°.~.~
.~.....♣≈≈≈≈≈♣♣.~~~~~.♣ ♣..☼☼.~
~~.~§~.~♣≈≈≈♣~~.......♣ ♣♣.♣~.
~~.~~....♣≈.......~~~.♣ ..~.


You could see a fenstrider witch, a ghost crab and 2 spectral death drakes.

Vanquished Creatures
  5 bunyips
  7 hydras
  2 spriggan air magi (Swamp:3)
  2 catoblepae (Lair:2)
  3 alligators
  3 two-headed ogres
  A spriggan berserker (Swamp:3)
  2 spriggans
  2 skysharks
  3 goliath frogs
  2 swamp dragons (Swamp:2)
  A bog body (Swamp:1)
  A manticore (D:11)
  A will-o-the-wisp (Swamp:2)
  2 cyclopes
  3 black mambas (Lair:2)
  A gargoyle (D:8)
  7 cane toads
  An efreet (D:8)
  A kobold demonologist (D:11)
  5 komodo dragons
  A queen bee (shapeshifter) (D:8)
  2 trolls
  6 hornets
  4 tyrant leeches
  11 blink frogs
  11 yaks
  A shadow (D:9)
  3 wyverns
  A human (D:9)
  3 vampire mosquitoes (Lair:3)
  A warg (D:9)
  2 steam dragons
  8 swamp worms
  2 acid dragons
  13 water moccasins
  5 swamp drakes
  A black bear (D:4)
  4 orc warriors
  A sky beast (D:7)
  2 ice beasts (D:6)
  An ogre (D:5)
  5 centaurs
  3 kobold brigands
  6 bullfrogs
  A gnoll sergeant (D:7)
  2 scorpions (D:4)
  5 wights (D:8)
  4 killer bees
  An electric eel (D:8)
  3 bombardier beetles
  A crimson imp (D:10)
  A gnoll bouda (D:6)
  A hound (D:4)
  6 orc priests
  4 iguanas
  10 orc wizards
  19 gnolls
  13 adders
  4 river rats
  A shadow imp (D:7)
  4 white imps
  4 ribbon worms
  A dart slug (D:5)
  32 orcs
  2 endoplasms (D:1)
  3 giant cockroaches
  7 goblins
  A hobgoblin (D:3)
  2 jackals (Sewer)
  20 kobolds
  5 quokkas
  8 ball pythons
  5 frilled lizards
  8 rats
  A spectral weapon (Swamp:1)
331 creatures vanquished.

Vanquished Creatures (collateral kills)
  A fenstrider witch (Swamp:2)
  A bunyip (Swamp:3)
  A two-headed ogre (D:9)
  2 goliath frogs
  A cane toad (Lair:2)
  A tyrant leech (Swamp:1)
  2 hornets
  3 blink frogs (Lair:1)
  2 yaks (Lair:1)
  2 spriggans
  A basilisk (Lair:1)
  2 acid dragons
  A water moccasin (D:8)
  A kobold brigand (D:8)
  A killer bee (D:10)
  An orc priest (D:4)
  3 orcs
  A kobold (D:4)
27 creatures vanquished.

Vanquished Creatures (others)
  An alligator (Swamp:1)
  A two-headed ogre (D:11)
  An arcanist (D:10)
  A dream sheep (Lair:4)
  4 slime creatures
  A spriggan (Swamp:1)
  A shadow (D:8)
  2 swamp drakes (Swamp:1)
  An orc warrior (D:9)
  A brain worm (Sewer)
  2 wights (D:8)
  2 killer bees (D:8)
  A bombardier beetle (D:4)
  A jelly (shapeshifter) (D:8)
  43 jellies
  2 orc priests
  A sleepcap (D:6)
  7 orc wizards
  A gnoll (D:2)
  3 adders
  A river rat (Sewer)
  13 orcs
  3 endoplasms
  A goblin (D:2)
  10 kobolds
  A rat (Sewer)
  2 foxfires (Swamp:2)
  3 spectral weapons
111 creatures vanquished.

Grand Total: 469 creatures vanquished

Notes
Turn   | Place    | Note
-------+----------+-------------------------------------------
     0 | D:1      | ImmortalVenerable the Oni Hedge Wizard began the quest for
                  | the Orb.
     0 | D:1      | Reached XP level 1. HP: 16/16 MP: 5/5
   123 | D:1      | Reached skill level 1 in Summonings
   277 | D:1      | Reached skill level 1 in Fighting
   292 | D:1      | Reached XP level 2. HP: 23/27 MP: 0/6
   521 | D:1      | Found a faded altar of an unknown god.
   749 | D:1      | Prayed at the altar of an unknown god.
   749 | D:1      | Became a worshipper of Jiyva Jeomu the Shapeless
   749 | D:1      | Reached * piety under Jiyva
   893 | D:2      | Reached XP level 3. HP: 35/35 MP: 6/8
  1113 | D:2      | Reached XP level 4. HP: 44/44 MP: 10/10
  1199 | D:2      | Reached skill level 1 in Maces & Flails
  1272 | D:2      | Found an opulent altar of Gozag.
  1272 | D:2      | Reached ** piety under Jiyva
  1387 | D:2      | Learned a level 2 spell: Call Imp
  1596 | D:3      | HP: 1/46 [iguana (13)]
  1600 | D:3      | Reached skill level 2 in Maces & Flails
  1600 | D:3      | Reached XP level 5. HP: 12/54 MP: 11/11
  2014 | D:3      | Found a large runed translucent door.
  2015 | D:3      | Found a large runed translucent door.
  2018 | D:3      | Noticed dialectric's ghost (amateur GrFi)
  2117 | D:4      | Noticed a black bear
  2129 | D:4      | Killed a black bear
  2130 | D:4      | Reached skill level 3 in Maces & Flails
  2130 | D:4      | Reached XP level 6. HP: 57/65 MP: 12/12
  2161 | D:4      | Reached skill level 5 in Fighting
  2209 | D:4      | Reached XP level 7. HP: 69/72 MP: 13/13
  2318 | D:4      | Reached *** piety under Jiyva
  2318 | D:4      | Gained mutation: Your flesh is heat resistant. (rF+)
                  | [Jiyva's grace]
  2318 | D:4      | Gained mutation: Your flesh is very heat resistant. (rF++)
                  | [Jiyva's grace]
  2318 | D:4      | Gained mutation: Your flesh is almost immune to the effects
                  | of heat. (rF+++) [Jiyva's grace]
  2318 | D:4      | Gained mutation: Armour fits poorly on your pseudopods.
                  | [Jiyva's grace]
  2322 | D:4      | Found a glowing drain.
  2333 | Sewer    | Entered a sewer
  2370 | Sewer    | Reached skill level 4 in Maces & Flails
  2852 | D:5      | Entered Level 5 of the Dungeon
  2929 | D:5      | Reached XP level 8. HP: 60/84 MP: 14/14
  3009 | D:5      | Reached **** piety under Jiyva
  3503 | D:6      | Reached skill level 5 in Maces & Flails
  3523 | D:6      | Learned a level 2 spell: Blink
  3563 | D:6      | Gained mutation: You are partially covered in iridescent
                  | scales. (AC +2) [Jiyva's grace]
  3563 | D:6      | Gained mutation: You are mostly covered in iridescent
                  | scales. (AC +4) [Jiyva's grace]
  3563 | D:6      | Gained mutation: You are completely covered in iridescent
                  | scales. (AC +6) [Jiyva's grace]
  3563 | D:6      | Gained mutation: Your muscles are strong. (Str +4, Int/Dex
                  | -1) [Jiyva's grace]
  3585 | D:6      | Reached skill level 1 in Translocations
  3713 | D:7      | Noticed a yak
  3715 | D:7      | Noticed a yak
  3716 | D:7      | Noticed a yak
  3716 | D:7      | Noticed a yak
  3734 | D:7      | Noticed a yak
  3747 | D:6      | Killed a yak
  3783 | D:6      | Killed a yak
  3796 | D:6      | Killed a yak
  3797 | D:6      | Reached skill level 6 in Maces & Flails
  3797 | D:6      | Reached XP level 9. HP: 95/97 MP: 15/15
  3831 | D:7      | Reached skill level 5 in Spellcasting
  3847 | D:7      | Found a flagged portal.
  3858 | Bailey   | Entered a bailey
  3921 | Bailey   | Learned a level 3 spell: Summon Ice Beast
  4003 | D:6      | Reached ***** piety under Jiyva
  4068 | D:6      | Found a hide-covered altar of Uskayaw.
  4156 | D:6      | Found a blossoming altar of Fedhas.
  4165 | D:6      | Found an iron altar of Okawaru.
  4654 | D:7      | Found a hazy altar of Hepliaklqana.
  4661 | D:7      | Found a shadowy altar of Dithmenos.
  4670 | D:7      | Reached skill level 7 in Maces & Flails
  4863 | D:7      | Reached skill level 10 in Fighting
  4881 | D:7      | Found an ancient bone altar of Kikubaaqudgha.
  4943 | D:7      | Noticed a hornet
  4950 | D:7      | Killed a hornet
  5169 | D:7      | Found a staircase to the Ecumenical Temple.
  5204 | D:8      | Noticed a queen bee
  5205 | D:8      | Noticed a troll
  5215 | D:8      | Killed a queen bee
  5404 | D:8      | Noticed a manticore
  5427 | D:8      | Slimified a manticore
  5427 | D:8      | a manticore changed into a slime creature
  5431 | D:8      | Reached XP level 10. HP: 57/111 MP: 20/20
  5482 | D:8      | Noticed a two-headed ogre
  5497 | D:8      | Reached skill level 1 in Ice Magic
  5514 | D:8      | Killed a two-headed ogre
  5515 | D:8      | Reached skill level 8 in Maces & Flails
  5520 | D:8      | Paralysed by a hornet for 1 turns
  5525 | D:8      | Paralysed by a hornet for 2 turns
  5656 | D:8      | Noticed a cyclops
  5671 | D:8      | Killed a cyclops
  5680 | D:8      | Noticed a gargoyle
  5713 | D:8      | Killed a gargoyle
  5805 | D:8      | Found Ocwer's Jewellery Shoppe.
  5860 | D:8      | Reached skill level 9 in Maces & Flails
  5866 | D:8      | Lost mutation: Your flesh is almost immune to the effects
                  | of heat. (rF+++) [Jiyva's grace]
  5866 | D:8      | Lost mutation: Armour fits poorly on your pseudopods.
                  | [Jiyva's grace]
  5866 | D:8      | Gained mutation: You have acidic saliva. [Jiyva's grace]
  5866 | D:8      | Gained mutation: You have very sharp teeth. [Jiyva's grace]
  5866 | D:8      | Gained mutation: You have extremely sharp teeth. [Jiyva's
                  | grace]
  5866 | D:8      | Gained mutation: You have razor-sharp teeth. [Jiyva's
                  | grace]
  5913 | D:8      | Paralysed by a hornet for 2 turns
  6040 | D:8      | Reached XP level 11. HP: 112/124 MP: 21/21
  6108 | D:9      | Noticed a two-headed ogre
  6120 | D:9      | Killed a two-headed ogre
  6226 | D:9      | Noticed a two-headed ogre
  6247 | D:9      | Killed a two-headed ogre
  6411 | D:9      | Found a staircase to the Orcish Mines.
  6431 | D:9      | Reached skill level 10 in Maces & Flails
  6586 | D:9      | Noticed a two-headed ogre
  6598 | D:9      | Killed a two-headed ogre
  6625 | D:9      | Found a radiant altar of Vehumet.
  6695 | D:9      | Found a shimmering blue altar of Sif Muna.
  6946 | D:10     | Entered Level 10 of the Dungeon
  7060 | D:10     | Reached ****** piety under Jiyva
  7069 | D:10     | Noticed a cyclops
  7078 | D:10     | Killed a cyclops
  7133 | D:10     | Lost mutation: You have razor-sharp teeth. [Jiyva's grace]
  7133 | D:10     | Lost mutation: Your flesh is very heat resistant. (rF++)
                  | [Jiyva's grace]
  7133 | D:10     | Gained mutation: You have razor-sharp teeth. [Jiyva's
                  | grace]
  7133 | D:10     | Gained mutation: Your translucent skin slightly reduces
                  | your foes' accuracy. (Stealth+) [Jiyva's grace]
  7133 | D:10     | Gained mutation: Your translucent skin reduces your foes'
                  | accuracy. (Stealth+) [Jiyva's grace]
  7133 | D:10     | Gained mutation: Your transparent skin significantly
                  | reduces your foes' accuracy. (Stealth+) [Jiyva's grace]
  7261 | D:10     | Killed an arcanist
  7359 | D:10     | Found a basalt altar of Yredelemnul.
  7361 | D:10     | Found a burning altar of Makhleb.
  7499 | D:11     | Noticed a manticore
  7512 | D:11     | Killed a manticore
  7521 | D:11     | Killed a two-headed ogre
  7548 | D:11     | Reached skill level 5 in Summonings
  7592 | D:11     | Noticed Fannar
  7613 | D:11     | Found a staircase to the Lair.
  7635 | Lair:1   | Entered Level 1 of the Lair of Beasts
  7682 | Lair:1   | Reached XP level 12. HP: 116/139 MP: 22/22
  7704 | Lair:1   | Reached skill level 11 in Maces & Flails
  7704 | Lair:1   | Reached skill level 5 in Ice Magic
  7735 | Lair:1   | Reached skill level 1 in Armour
  7753 | Lair:1   | Identified a scroll of acquirement
  7753 | Lair:1   | Acquired a +4 spectral giant club
  7775 | Lair:1   | Got the Lectures on Collective Despair
  8208 | Lair:2   | Noticed a catoblepas
  8212 | Lair:2   | Killed a catoblepas
  8237 | Lair:2   | Noticed a six-headed hydra
  8304 | Lair:2   | Found a staircase to the Snake Pit.
  8311 | Lair:2   | Reached skill level 12 in Maces & Flails
  8476 | Lair:2   | Noticed a four-headed hydra
  8481 | Lair:2   | Killed a four-headed hydra
  8484 | Lair:2   | Lost mutation: You have razor-sharp teeth. [Jiyva's grace]
  8484 | Lair:2   | Lost mutation: You have extremely sharp teeth. [Jiyva's
                  | grace]
  8484 | Lair:2   | Lost mutation: You have acidic saliva. [Jiyva's grace]
  8484 | Lair:2   | Lost mutation: Your transparent skin significantly reduces
                  | your foes' accuracy. (Stealth+) [Jiyva's grace]
  8484 | Lair:2   | Gained mutation: You have sharp toenails. [Jiyva's grace]
  8484 | Lair:2   | Gained mutation: You have razor-sharp toenails. [Jiyva's
                  | grace]
  8484 | Lair:2   | Gained mutation: You have claws for feet. [Jiyva's grace]
  8484 | Lair:2   | Gained mutation: Your mind is acute. (Int +4, Str/Dex -1)
                  | [Jiyva's grace]
  8511 | Lair:2   | Noticed a skyshark
  8517 | Lair:2   | Killed a skyshark
  8807 | Lair:2   | Reached skill level 13 in Maces & Flails
  8857 | Lair:2   | Killed a six-headed hydra
  8867 | Lair:2   | Noticed a catoblepas
  8873 | Lair:2   | Killed a catoblepas
  8874 | Lair:2   | Reached skill level 5 in Armour
  8874 | Lair:2   | Reached XP level 13. HP: 116/148 MP: 23/23
  9202 | Lair:3   | Noticed Nergalle
  9337 | Lair:3   | Found a staircase to the Swamp.
  9397 | Lair:4   | Found a viscous altar of Jiyva.
  9397 | Lair:4   | Found a staircase to the Slime Pits.
  9407 | Slime:1  | Entered Level 1 of the Pits of Slime
  9418 | Slime:3  | Noticed an acid blob
  9436 | Slime:5  | Entered Level 5 of the Pits of Slime
  9451 | Slime:5  | Noticed an acid blob
  9454 | Slime:5  | Found the +3 greatsling "Punk" {acid, rCorr}
  9454 | Slime:5  | Noticed an azure jelly
  9466 | Slime:5  | Noticed an acid blob
  9467 | Slime:5  | Identified the +11 great sword of Bodily Harmony {holy, rC+
                  | Str+3}
  9468 | Slime:5  | Identified the +7 scimitar "Kawea" {flame, Int+3}
  9469 | Slime:5  | Identified the staff of Disembowelment {rC+ rN+ Dex+2 SInv
                  | Necro}
  9482 | Slime:5  | Noticed an acid blob
  9498 | Slime:5  | Noticed an acid blob
  9507 | Slime:5  | Identified the ring of Koemivuq {Fire rPois Int+3}
  9510 | Slime:5  | Identified the +8 long sword of Intimidation {vamp, rPois
                  | rN+ Int+2 Dex-3}
  9512 | Slime:5  | Identified the +11 chain mail of Brilliance {Int+3 Dex+2}
  9545 | Slime:5  | Noticed a quicksilver ooze
  9545 | Slime:5  | Noticed a great orb of eyes
  9548 | Slime:5  | Noticed the Royal Jelly
  9566 | Slime:5  | Identified the +8 sling of the Traitor {speed, ^Fragile
                  | Dex+2 Stlth+}
  9581 | Slime:5  | Noticed a rockslime
  9589 | Slime:5  | Noticed an acid blob
  9611 | Slime:5  | Noticed an acid blob
  9618 | Slime:5  | Identified the amulet "Ipticzad" {RegenMP rF+ rCorr}
  9619 | Slime:5  | Got a starry gem with 390 turns to spare
  9620 | Slime:5  | Identified the +2 dire flail of Ziwnysi {freeze, rC+ Int+2}
  9621 | Slime:5  | Identified the ring of Kyomilanu {rElec rPois rCorr Int+5
                  | Slay-6}
  9624 | Slime:5  | Got a slimy rune of Zot
  9638 | Slime:5  | Noticed an acid blob
  9656 | Slime:5  | Noticed an azure jelly
  9687 | Slime:4  | Noticed an acid blob
  9695 | Slime:2  | Noticed a rockslime
  9736 | Slime:2  | Noticed an azure jelly
  9859 | Lair:4   | Lost mutation: You have claws for feet. [Jiyva's grace]
  9859 | Lair:4   | Lost mutation: You are completely covered in iridescent
                  | scales. (AC +6) [Jiyva's grace]
  9859 | Lair:4   | Lost mutation: Your translucent skin reduces your foes'
                  | accuracy. (Stealth+) [Jiyva's grace]
  9859 | Lair:4   | Gained mutation: Your body has grown eyes which may confuse
                  | attackers. (Acc +3) [Jiyva's grace]
  9859 | Lair:4   | Gained mutation: Your body has grown many eyes which may
                  | confuse attackers. (Acc +5) [Jiyva's grace]
  9859 | Lair:4   | Gained mutation: Your body is covered in eyes which may
                  | confuse attackers. (Acc +7, SInv) [Jiyva's grace]
  9859 | Lair:4   | Gained mutation: Your rubbery body absorbs attacks. (AC +1,
                  | EV +1) [Jiyva's grace]
  9947 | Swamp:1  | Entered Level 1 of the Swamp
  9961 | Swamp:2  | Noticed a bunyip
  9966 | Swamp:2  | Killed a bunyip
  9988 | Swamp:3  | Reached skill level 14 in Maces & Flails
 10070 | Swamp:3  | Noticed a bunyip
 10079 | Swamp:3  | Killed a bunyip
 10244 | Swamp:2  | Noticed a bunyip
 10255 | Swamp:2  | Killed a bunyip
 10256 | Swamp:2  | Reached skill level 15 in Maces & Flails
 10277 | Swamp:2  | Noticed a fenstrider witch
 10293 | Swamp:2  | Killed a fenstrider witch
 10342 | Swamp:1  | Reached skill level 16 in Maces & Flails
 10344 | Swamp:1  | Noticed a bunyip
 10350 | Swamp:1  | Killed a bunyip
 10359 | Swamp:1  | Reached XP level 14. HP: 131/157 MP: 24/24
 10424 | Swamp:1  | a spriggan druid changed into an acid blob
 10424 | Swamp:1  | Noticed an acid blob
 10513 | Swamp:1  | Identified the staff "Vummoaf" {rF+ Int+3 Tloc Fire}
 10642 | Swamp:1  | Reached skill level 17 in Maces & Flails
 10950 | Swamp:2  | Noticed a fenstrider witch
 10951 | Swamp:2  | Paralysed by a fenstrider witch for 3 turns
 10960 | Swamp:2  | Paralysed by a fenstrider witch for 5 turns
 10961 | Swamp:2  | HP: 1/149 [fenstrider witch (8)]
 10961 | Swamp:2  | Mangled by a ghost crab

Illustrated notes

Levels and vault maps discovered:
D:1:      mainiacjoe_arrival_oval_in_oval, layout_basic,
          dilly_ecumenical_altar_fadedgnrine, kennysheep_minor_cross
D:2:      layout_basic, basic_altar
D:3:      layout_loops_ring, ebering_ghost_disaster_area
D:4:      cheibrodos_fertilizer, layout_cave_pools, gup_sewer_entry_bubbles
D:5:      layout_basic, nicolae_half_adder, uniq_grinder
D:6:      layout_loops_corners, nicolae_uskayaw_murder_on_the_dancefloor,
          amethyst_overflow_temple_binary, serial_glass, glass_columns_a,
          glass_columns_a
D:7:      layout_basic, riverfiend_overflow_shadow_ancestor,
          overflow_temple_1_default, minmay_temple_entry_statues_pillars,
          enter_bailey_3
D:8:      nzn_winding_woodlands_stair_cross
          [nzn_winding_woodlands_5x15_river_crossing,
          nzn_winding_woodlands_center_garden,
          nzn_winding_woodlands_5x15_longhouse,
          nzn_winding_woodlands_5x5_checkerboard,
          nzn_winding_woodlands_5x5_cross, nzn_winding_woodlands_5x15_twine,
          nzn_winding_woodlands_center_pierced_h,
          nzn_winding_woodlands_5x15_parted], layout_loops_corners,
          pdpol_wu_jian_five_deadly_venoms, mainiacjoe_overflow_two_lobes,
          serial_shops, nicolae_stop_n_shop_2, uniq_psyche
D:9:      layout_loops_cross, vehumet_crystals, general_overflow_altar,
          erik_orc_4, kennysheep_generic_room_14
D:10:     layout_cave_pools, nicolae_overflow_hidden_temple,
          lightli_wizard_tower
D:11:     layout_cave_pools, lair_entry_dummy, kennysheep_doodads, uniq_fannar
Lair:1:   layout_misc_corridors, infiniplex_staircase_pool, serial_bayou_shore_b
Lair:2:   layout_regular_city, minmay_snake_entry_six_corridors,
          chequers_serial_rivers_micro_b
Lair:3:   layout_layer_cave, minmay_swamp_entry_swarm, uniq_nergalle,
          uniq_gastronok
Lair:4:   layout_layer_cave, nicolae_slime_entry_slimehenge,
          chequers_serial_rivers_large_b
Swamp:1:  layout_falls_marsh, nicolae_swamp_tree_designs, swamp_pool_5
Swamp:2:  layout_basic_swamp, evilmike_swamp_ruin_house_3, swamp_pool_1_2,
          grunt_witch_cave
Swamp:3:  layout_basic_swamp, nicolae_swamp_orc_logging_accident,
          nicolae_swamp_hydra_murder_den, uniq_donald, uniq_bai_suzhen
Slime:1:  layout_caves
Slime:2:  layout_caves
Slime:3:  layout_caves
Slime:4:  layout_caves
Slime:5:  slime_pit_nicolae_inversion

Skill      XL: |  1  2  3  4  5  6  7  8  9 10 11 12 13 14 |
---------------+-------------------------------------------+-----
Summonings     | 1 2 5 |  5.0
Fighting       | 1 2 3 4 5 6 8 10 12 14 | 14.6
Spellcasting   | 4 6 |  6.8
Maces & Flails | 2 3 4 6 7 9 10 13 16 17 | 17.3
Dodging        | 2 3 4 |  4.5
Translocations | 2 |  2.5
Ice Magic      | 4 5 |  5.0
Armour         | 5 6 |  6.7
Stealth        | |  1.4
Conjurations   | |  0.8

Action                     |  1- 3 |  4- 6 |  7- 9 | 10-12 | 13-15 || total
---------------------------+-------+-------+-------+-------+-------++-------
  Melee: Dagger            |    45 |       |       |       |       ||    45
         Headbutt          |     7 |    19 |    77 |    78 |    39 ||   220
         Flail             |     4 |   100 |   386 |   347 |       ||   837
         Pseudopods        |       |       |    60 |    18 |       ||    78
         Punch             |       |       |     5 |     8 |       ||    13
         Bite              |       |       |       |    37 |    27 ||    64
         Giant club        |       |       |       |    76 |   197 ||   273
         Kick              |       |       |       |     8 |    66 ||    74
  Throw: Dart              |       |       |     1 |     4 |       ||     5
   Cast: Magic Dart        |    29 |       |       |       |       ||    29
         Call Imp          |       |     5 |    13 |     1 |       ||    19
         Summon Ice Beast  |       |       |       |    29 |    10 ||    39
         Blink             |       |       |       |     1 |       ||     1
 Invoke: Slimify           |       |       |     1 |       |     1 ||     2
    Use: Potion            |     2 |     3 |       |     4 |     4 ||    13
         Scroll            |     1 |     6 |     4 |     3 |     6 ||    20
   Stab: Invisible         |       |     2 |       |       |       ||     2
         Sleeping          |       |       |     2 |     1 |     3 ||     6
         Confused          |       |       |       |       |     3 ||     3
         Distracted        |       |       |       |       |     2 ||     2
 Armour: Robe              |    47 |   115 |   274 |    35 |       ||   471
         Acid dragon scale |       |       |       |   374 |   250 ||   624
         Steam dragon scal |       |       |       |    14 |       ||    14
  Dodge: Dodged            |    39 |    63 |   216 |   211 |    82 ||   611
